 Dungeon Crawl Stone Soup version 0.20-a0-1078-g4874019 (webtiles) character file.

5152 Angani the Grappler (level 10, -1/98 HPs)
             Began as a Troll Hunter on Apr 30, 2017.
             Was an Initiate of Ru.
             Killed by nerve-wracking pain
             ... invoked by a shadow imp
              (7 damage)
             ... on level 10 of the Dungeon.
             The game lasted 00:17:41 (7525 turns).

Angani the Grappler (Troll Hunter)                  Turns: 7525, Time: 00:17:42

Health: -1/98      AC: 11    Str: 30    XL:     10   Next: 33%
Magic:  12/12      EV: 13    Int:  7    God:    Ru [......]
Gold:   526        SH:  0    Dex: 13    Spells: 6/9 levels left

rFire    + + .     SeeInvis .     - Unarmed
rCold    + . .     Gourm    +   (no shield)
rNeg     . . .     Faith    .   b - +2 robe
rPois    .         Spirit   .   (helmet restricted)
rElec    .         Reflect  .   q - scarf {rC+ rF+}
rCorr    .         Harm     .   (gloves unavailable)
MR       .....                  (boots unavailable)
Stlth    +.........             (no amulet)
Regen    0.7/turn               a - +3 ring of dexterity
MPRegen  0.2/turn               m - +2 ring of protection

@: mighty, lethally poisoned (-1 -> -2), hasted, very quick
A: unfitting armour, claws 3, slimy green scales 1, blurry vision 1, fire
resistance 1, fast metabolism 3, gourmand, mutation resistance 1, regeneration
1, shaggy fur 1, tough skin 2, wild magic 1, MP-powered wands
a: Renounce Religion


You were on level 10 of the Dungeon.
You worshipped Ru.
Ru was noncommittal.
You were not hungry.

You visited 2 branches of the dungeon, and saw 11 of its levels.

You collected 526 gold pieces.

Inventory:

Missiles
 c - 10 large rocks (quivered)
 d - 4 throwing nets
Armour
 b - a +2 robe (worn)
 q - a scarf of resistance (worn)
Jewellery
 a - a +3 ring of dexterity (left claw)
 e - an uncursed ring of fire
 m - a +2 ring of protection (right claw)
 z - an uncursed ring of positive energy
 B - an uncursed ring of fire
Wands
 i - a wand of scattershot (3/9)
 v - a wand of confusion (12/48)
 y - a wand of iceblast (4/15)
 C - a wand of polymorph (14/24)
 P - a wand of random effects (21/48)
Scrolls
 g - 4 scrolls of blinking
 j - 3 scrolls of fog {unknown}
 l - 3 scrolls of remove curse
 u - a scroll of random uselessness {unknown}
 A - 2 scrolls of teleportation
 G - a scroll of magic mapping
 H - a scroll of holy word {unknown}
 J - a scroll of silence {unknown}
 L - a scroll of amnesia
 N - 2 scrolls of enchant armour
 O - 2 scrolls of identify
Potions
 h - 3 potions of agility {unknown}
 k - 4 potions of haste
 o - 3 potions of heal wounds {unknown}
 p - a potion of lignification
 r - a potion of flight
 w - 3 potions of might
 x - a potion of resistance
 E - 2 potions of brilliance {unknown}
 F - a potion of cancellation
 I - 2 potions of ambrosia {unknown}
 K - a potion of berserk rage {unknown}
 M - a potion of invisibility
Comestibles
 f - 8 bread rations
 n - 2 meat rations
 s - 2 fruits
 t - 6 royal jellies


   Skills:
 - Level 6.0 Fighting
 - Level 3.6 Throwing
 - Level 6.0 Dodging
 - Level 0.3 Stealth
 - Level 10.4 Unarmed Combat
 + Level 4.0 Evocations


You had 6 spell levels left.
You knew the following spells:

 Your Spells              Type           Power        Failure   Level  Hunger
a - Regeneration          Chrm/Necr      #.........   86%         3    ####...


Dungeon Overview and Level Annotations

Branches:
Dungeon (10/15)            Temple (1/1) D:6             Orc (0/2) D:9
   Lair: D:8-11

Altars:
Ashenzari
Cheibriados
Dithmenos
Elyvilon
Fedhas
Gozag
Hepliaklqana
Kikubaaqudgha
Makhleb
Nemelex Xobeh
Okawaru
Qazlal
Ru
Sif Muna
Trog
Uskayaw
Vehumet
Wu Jian
Xom
Yredelemnul
Zin
The Shining One

Shops:
D:7 :   D:8 (

Annotations:
D:10 Urug


Innate Abilities, Weirdness & Mutations

You are too large for most types of armour.
You have claws for hands.
Your metabolism is lightning-fast.
You like to eat raw meat.
Your natural rate of healing is unusually fast.
You are covered in fur. (AC +1)
You have very tough skin. (AC +2)
You are partially covered in slimy green scales. (AC +2)
Scrolls take you a little longer to read.
Your flesh is heat resistant. (rF+)
You are somewhat resistant to further mutation.
Your spells are a little harder to cast, but a little more powerful.
You expend magic power (3 MP) to strengthen your wands.


Message History

* * * LOW HITPOINT WARNING * * *
You are more poisoned.
The killer bee poisons you!
A killer bee comes into view.
The killer bee closely misses you.
You feel sick.
The killer bee buzzes angrily.
The killer bee stings you but does no damage.
The killer bee stings you.
* * * LOW HITPOINT WARNING * * *
A sky beast and a shadow imp come into view.
You feel sick.
Unknown command.
It was a potion of might.
You feel very mighty all of a sudden. The killer bee closely misses you.
You feel sick. The shadow imp gestures at you. Pain shoots through your body!
You die...

....###......... .......
..............# #.......
..............# #.......
............o.###.......
........y.#.............
......yy.###..$.........
...#...yy.#.......?.....
..###..yy.ha...(........
...#...@.J....Y..((.....
....................(((.
..............#....###..
.......<.....###...# .
.....5.)......#....#
.....................
...#..................
..###.................
...#......#...........


You could see Urug, a sky beast, a howler monkey, a jelly, a worker ant, 7
killer bees and a shadow imp.

Vanquished Creatures
  A two-headed ogre (D:8)
  Pikel (D:6)
  A troll (D:9)
  Prince Ribbit (D:6)
  3 hippogriffs
  2 wyverns (D:8)
  Menkaure (D:5)
  A water moccasin (D:8)
  2 sky beasts
  An orc warrior (D:8)
  A black bear (D:10)
  An ice beast (D:6)
  2 phantoms
  3 ogres
  A centaur (D:9)
  A big kobold (D:8)
  4 bullfrogs
  2 scorpions
  3 wights (D:7)
  A howler monkey (D:9)
  A crimson imp (D:9)
  A jelly (D:8)
  A centaur skeleton (D:4)
  A hound (D:4)
  4 orc priests
  8 orc wizards
  4 iguanas
  6 worker ants
  A killer bee zombie (D:10)
  A hound skeleton (D:7)
  A howler monkey zombie (D:8)
  A worker ant zombie (D:7)
  13 adders
  9 gnolls
  3 oozes
  An adder skeleton (D:9)
  A worm (D:2)
  5 dart slugs
  8 leopard geckos
  14 orcs
  9 bats
  7 giant cockroaches
  6 goblins
  8 hobgoblins
  12 jackals
  5 quokkas
  3 ball pythons
  8 frilled lizards
  17 kobolds
  A leopard gecko zombie (D:5)
  5 rats
198 creatures vanquished.

Vanquished Creatures (others)
  A slave (D:6)
  A giant cockroach (D:6)
2 creatures vanquished.

Grand Total: 200 creatures vanquished

Notes
Turn   | Place    | Note
-------+----------+-------------------------------------------
     0 | D:1      | Angani the Troll Hunter began the quest for the Orb.
     0 | D:1      | Reached XP level 1. HP: 19/19 MP: 0/0
    58 | D:1      | Reached skill level 1 in Unarmed Combat
    78 | D:1      | Reached XP level 2. HP: 27/27 MP: 1/1
   129 | D:1      | Reached skill level 2 in Unarmed Combat
   195 | D:1      | Reached XP level 3. HP: 33/33 MP: 2/2
   429 | D:2      | Reached skill level 3 in Unarmed Combat
   614 | D:2      | Reached XP level 4. HP: 38/41 MP: 3/3
   865 | D:2      | Reached skill level 4 in Unarmed Combat
  1049 | D:2      | Reached XP level 5. HP: 45/48 MP: 4/4
  1213 | D:3      | Reached skill level 5 in Unarmed Combat
  1295 | D:3      | Found an iron altar of Okawaru.
  1812 | D:3      | Reached XP level 6. HP: 48/55 MP: 5/5
  1972 | D:3      | Reached skill level 6 in Unarmed Combat
  2236 | D:4      | Gained mutation: Scrolls take you a little longer to read. [potion of mutation]
  2236 | D:4      | Gained mutation: Your flesh is heat resistant. (rF+) [potion of mutation]
  2236 | D:4      | Gained mutation: Your spells are a little harder to cast, but a little more powerful. [potion of mutation]
  2409 | D:4      | Learned a level 3 spell: Regeneration
  2839 | D:5      | Entered Level 5 of the Dungeon
  3074 | D:5      | Noticed Menkaure
  3077 | D:5      | Killed Menkaure
  3077 | D:5      | Reached XP level 7. HP: 66/66 MP: 6/6
  3424 | D:5      | Found a shimmering altar of Xom.
  3818 | D:5      | Noticed a hippogriff
  3835 | D:5      | Killed a hippogriff
  3835 | D:5      | Reached XP level 8. HP: 55/78 MP: 7/7
  4189 | D:6      | Noticed Prince Ribbit
  4191 | D:6      | Killed Prince Ribbit
  4347 | D:6      | Noticed Pikel
  4356 | D:6      | Killed Pikel
  4356 | D:6      | Reached skill level 5 in Fighting
  4356 | D:6      | Reached skill level 5 in Dodging
  4362 | D:6      | Found a staircase to the Ecumenical Temple.
  4403 | Temple   | Entered the Ecumenical Temple
  4661 | Temple   | Became a worshipper of Ru the Awakened
  4886 | D:6      | Found a shadowy altar of Dithmenos.
  4888 | D:6      | Gained mutation: You are partially covered in slimy green scales. (AC +2) [mutagenic meat]
  4889 | D:6      | Gained mutation: You expend magic power (3 MP) to strengthen your wands. [mutagenic meat]
  4891 | D:6      | Gained mutation: You are somewhat resistant to further mutation. [mutagenic meat]
  5125 | D:7      | Reached XP level 9. HP: 78/89 MP: 8/8
  5157 | D:7      | Found an opulent altar of Gozag.
  5281 | D:7      | Found Kuonne Nuem's Book Emporium.
  5353 | D:7      | Reached skill level 7 in Unarmed Combat
  5954 | D:7      | Reached skill level 8 in Unarmed Combat
  6230 | D:8      | Reached skill level 9 in Unarmed Combat
  6268 | D:8      | Found a bloodstained altar of Trog.
  6573 | D:8      | Noticed a two-headed ogre
  6583 | D:8      | Killed a two-headed ogre
  6583 | D:8      | Reached skill level 10 in Unarmed Combat
  6591 | D:8      | Found Oculaudgh's Weapon Shoppe.
  6593 | D:8      | Reached XP level 10. HP: 98/98 MP: 3/9
  6819 | D:8      | Reached skill level 1 in Evocations
  6945 | D:9      | Found a deep blue altar of Sif Muna.
  7044 | D:9      | Found a staircase to the Orcish Mines.
  7323 | D:9      | Found a blossoming altar of Fedhas.
  7431 | D:10     | Entered Level 10 of the Dungeon
  7499 | D:10     | Noticed Urug
  7525 | D:10     | Killed from afar by a shadow imp

Vault maps used:
D:1:      grunt_arrival_crossed_arrows, minmay_cupped
D:3:      okawaru_ov_weapons_minmay, grunt_ministairs_13
D:4:      first_bread, minmay_misc_feat_iff, kennysheep_dice
D:5:      tgw_xom, uniq_menkaure
D:6:      grunt_dithmenos_smoke, temple_statues, uniq_pikel, uniq_prince_ribbit1
D:7:      kennysheep_mini, serial_shops, shop
D:8:      serial_shops, kennysheep_little_box, basic_altar
D:9:      led_sif_pool, orc_0_dummy, basic_altar
D:10:     lair_entry_dummy, uniq_fannar, uniq_urug
Temple:   dpeg_five_rooms_temple

Skill      XL: |  1  2  3  4  5  6  7  8  9 10 |
---------------+-------------------------------+-----
Unarmed Combat | 1 2 3 4 5 6 10 | 10.4
Fighting       | 2 4 6 |  6.0
Dodging        | 2 4 6 |  6.0
Evocations     | 4 |  4.0
Throwing       | |  3.6
Stealth        | |  0.3

Action                   |  1- 3 |  4- 6 |  7- 9 | 10-12 || total
-------------------------+-------+-------+-------+-------++-------
Melee: Unarmed           |   100 |   189 |   235 |    79 ||   603
       Punch             |     1 |     4 |     5 |     7 ||    17
Throw: Large rock        |       |       |    11 |    10 ||    21
Invok: Reject Sacrifices |       |       |     1 |       ||     1
Evoke: Wand              |       |       |     2 |       ||     2
  Use: Scroll            |       |    15 |     4 |       ||    19
       Potion            |       |     1 |       |     3 ||     4
 Stab: Sleeping          |     2 |       |     1 |     1 ||     4
       Confused          |       |       |     1 |       ||     1
  Eat: Chunk             |     9 |    22 |    33 |    10 ||    74
Armor: Robe              |    45 |    85 |    84 |    37 ||   251
Dodge: Dodged            |    54 |    83 |   152 |    73 ||   362
